 Dungeon Crawl Stone Soup version 0.30-a0-176-gdd20fb75b6 (webtiles) character file.

Game seed: 9515047748722797089

22 supercigar the Vexing (level 2, -1/23 HPs)
             Began as a Gnoll Hexslinger on Oct 2, 2022.
             Succumbed to an adder's poison
             ... on level 2 of the Dungeon.
             The game lasted 00:04:31 (1174 turns).

supercigar the Vexing (Gnoll Hexslinger)            Turns: 1174, Time: 00:04:31

Health: -1/23      AC:  6    Str:  9    XL:     2   Next: 91%
Magic:  5/5        EV:  9    Int: 12    God:
Gold:   16         SH:  0    Dex: 12    Spells: 5/6 levels left

rFire   . . .      SeeInvis .    b - +0 hand axe
rCold   . . .      Faith    .    (no shield)
rNeg    . . .      Spirit   .    g - +0 scale mail
rPois   .          Reflect  .    (no helmet)
rElec   .          Harm     .    (no cloak)
rCorr   .          Rampage  .    (no gloves)
Will    .....                    (no boots)
Stlth   ..........               (no amulet)
HPRegen 0.23/turn                (no ring)
MPRegen 0.09/turn                (no ring)

@: lethally poisoned (-1 -> -9)
A: fangs 1, strong nose, distributed training
a: no special abilities


You were on level 2 of the Dungeon.
You visited 1 branch of the dungeon, and saw 2 of its levels.

You collected 16 gold pieces.

Inventory:

Hand Weapons
 a - a +1 sling
 b - a +0 hand axe (weapon)
Armour
 c - a +0 robe
 f - a +0 ring mail
 g - a +0 scale mail (worn)
Scrolls
 e - 3 scrolls of poison


   Skills:
 + Level 2.5 Fighting
 + Level 0.5 Short Blades
 + Level 0.5 Long Blades
 + Level 0.5 Axes
 + Level 0.5 Maces & Flails
 + Level 0.5 Polearms
 + Level 0.5 Staves
 + Level 4.5 Ranged Weapons
 + Level 0.5 Throwing
 + Level 0.5 Armour
 + Level 4.5 Dodging
 + Level 0.5 Stealth
 + Level 0.5 Shields
 + Level 0.5 Unarmed Combat
 + Level 2.7 Spellcasting
 + Level 0.4 Conjurations
 + Level 5.4 Hexes
 + Level 0.4 Summonings
 + Level 0.4 Necromancy
 + Level 0.4 Translocations
 + Level 0.4 Transmutations
 + Level 0.4 Fire Magic
 + Level 0.4 Ice Magic
 + Level 0.4 Air Magic
 + Level 0.4 Earth Magic
 + Level 0.4 Poison Magic
 + Level 0.7 Invocations
 + Level 0.5 Evocations


You had 5 spell levels left.
You knew the following spells:

 Your Spells              Type           Power      Damage    Failure   Level
a - Slow                  Hex            56%        N/A       22%         1

Your spell library contained the following spells:

 Spells                   Type           Power      Damage    Failure   Level
 Inner Flame              Hex/Fire       8%         N/A       88%         3
 Portal Projectile        Hex/Tloc       16%        N/A       88%         3
 Cause Fear               Hex            7%         N/A       92%         4
 Chain Lightning          Conj/Air       1%         3d1       100%        9
 Fire Storm               Conj/Fire      1%         7d1       100%        9
 Shatter                  Erth           1%         3d5*      100%        9


Dungeon Overview and Level Annotations

Branches:
Dungeon (2/15)

Altars:


Innate Abilities, Weirdness & Mutations

You have very sharp teeth.
Your uncanny sense of smell can sniff out nearby items.
Your experience applies equally to all skills.


Message History

The adder barely misses you.
You closely miss the adder. Your bite misses the adder.
The adder is lightly wounded.
The adder barely misses you. The adder closely misses you.
You closely miss the adder.
The adder is lightly wounded.
The adder bites you but does no damage. The adder bites you.
You are poisoned.
The adder poisons you!
You miss the adder.
The adder is lightly wounded.
You feel sick. The adder bites you but does no damage.
You hit the adder.
The adder is moderately wounded.
You feel sick. The adder bites you. The adder bites you but does no damage.
You miss the adder.
The adder is moderately wounded.
You feel sick. The adder completely misses you.
You feel sick.
You are no longer poisoned.
The adder bites you but does no damage. The adder attacks as you move away!
The adder bites you but does no damage. The adder barely misses you.
The adder attacks as you move away! The adder bites you but does no damage.
The adder bites you. The adder bites you.
* * * LOW HITPOINT WARNING * * *
You are poisoned.
The adder poisons you! The adder attacks as you move away! The adder bites you.
* * * LOW HITPOINT WARNING * * *
You are more poisoned.
The adder poisons you!
* * * LOW HITPOINT WARNING * * *
You feel very sick.
You aren't carrying any potions.
As you read the scroll labelled JEODYI SISU, it crumbles to dust.
You assume a fearsome visage.
The adder looks frightened!
It was a scroll of fear.
You die...

........# #........# #.# .#
........# #........####.#..###
........# ###................
........# #........##.#..######
.##'#########>.†.....##..........
.##............†.................
.##############.##...##.#..#
.................S.........######
......)<........@#.#.##..........
..###.###.##..^..#.#.##.#########
......##<....#.......##.# #######
................##.#.##.##.......
..######..##....##.†....##.######
...........#.......#.##.##.# #
.....................##.##.######
#.##..##..###...#....##.##.#.....
#.. #..# #...#........#.######


You could see an adder (fleeing).

Vanquished Creatures
  An adder (D:2)
  2 endoplasms (D:1)
  2 goblins (D:1)
  A ball python (D:1)
  5 bats
  2 kobolds
  A rat (D:1)
14 creatures vanquished.

Notes
Turn   | Place    | Note
-------+----------+-------------------------------------------
     0 | D:1      | supercigar the Gnoll Hexslinger began the quest for the
                  | Orb.
     0 | D:1      | Reached XP level 1. HP: 17/17 MP: 4/4
   350 | D:1      | Reached XP level 2. HP: 21/23 MP: 5/5
   510 | D:1      | Found a faded altar of an unknown god.
  1173 | D:2      | HP: 1/23 [poisoned by an adder]
  1174 | D:2      | Succumbed to an adder's poison

Illustrated notes

Levels and vault maps discovered:
D:1:      lightli_arrival_chessboard, layout_basic,
          shapermc_ecumenical_altar_acropolis
D:2:      layout_basic, basic_altar, kennysheep_generic_room_15

Action                   || total
-------------------------++-------
Melee: Club              ||     7
       Bite              ||     3
       Hand axe          ||    30
 Fire: Sling             ||    34
  Use: Scroll            ||     1
Armor: Ring mail         ||     7
       Robe              ||     1
       Scale mail        ||    22
Dodge: Dodged            ||    41

Table legend: (Time is in decaauts)
 A = Elapsed time spent in this place.
 B = Non-inter-level travel time spent in this place.
 C = Inter-level travel time spent in this place.
 D = Time resting spent in this place.
 E = Time spent auto-exploring this place.
 F = Levels seen in this place.
 G = Mean time per level.
                   A        B        C        D        E       F      G
               +--------+--------+--------+--------+--------+-----+--------+
         Total |   1187 |   1085 |    102 |     33 |    814 |   2 |  593.5 |
       Dungeon |   1187 |   1085 |    102 |     33 |    814 |   2 |  593.5 |
               +--------+--------+--------+--------+--------+-----+--------+

Top non-repeatable levels by time:
     D:1: 950 daAuts
     D:2: 236 daAuts
